Map: Cactus Valley LE (Void)

Players

Railgan

  • Race: Zerg Zerg
  • League: Grandmaster
  • Spawn Location: 7:00

llllllllllll - Winner!

  • Race: Protoss Protoss
  • League: Grandmaster
  • Spawn Location: 1:00

VOD

Have the link to the VOD?

Description

Time

  • Played on: March 10, 2017, 7:55 a.m.
  • Length: 10:23
Show
View Real Time Build Order
Export as new Build Order

Railgan Zerg 

Build Orders: Hatch First, Zergling Baneling 

Get SALT Encoding   

  12  0:01  Drone  
  13  0:13  Overlord  
  13  0:17  Drone  
  14  0:31  Drone x2  
  14  0:35  Drone  
  17  0:55  Hatchery  
  17  0:56  Drone  
  17  0:59  Drone  
  18  1:12  Extractor  
  18  1:14  Spawning Pool  
  16  1:19  Drone  
  16  1:20  Drone  
  18  1:28  Drone  
  19  1:42  Overlord  
  19  1:53  Drone  
  20  2:01  Zergling x2, Queen  
  22  2:08  Queen  
  25  2:09  Drone  
  25  2:12  Drone  
  27  2:16  Metabolic Boost  
  27  2:19  Drone  
  27  2:22  Drone  
  29  2:30  Drone  
  29  2:36  Queen  
  32  2:43  Queen  
  34  2:45  Overlord  
  34  2:47  Drone x2  
  36  2:58  Evolution Chamber  
  36  2:59  Zergling x2  
  36  3:05  Drone x2  
  38  3:10  Drone  
  38  3:11  Drone  
  38  3:12  Drone x3  
  42  3:18  Drone  
  43  3:20  Overlord  
  43  3:24  Zerg Melee Weapons Level 1  
  43  3:25  Extractor, Drone  
  43  3:30  Overlord  
  44  3:41  Drone x3  
  44  3:42  Lair  
  44  3:47  Drone  
  48  3:48  Drone  
  48  3:50  Drone  
  48  3:51  Drone x3  
  51  3:58  Extractor  
  51  4:02  Drone x4  
  54  4:08  Extractor  
  53  4:12  Baneling Nest  
  52  4:20  Zergling x10  
  57  4:26  Overlord  
  57  4:28  Zergling x2  
  57  4:29  Zergling x2  
  57  4:30  Overlord  
  59  4:38  Hatchery  
  58  4:43  Zergling x2  
  58  4:45  Overlord  
  59  4:49  Zergling x2  
  59  4:50  Infestation Pit, Zergling x2  
  59  4:51  Overseer  
  60  4:57  Zergling x2  
  60  4:58  Baneling  
  60  4:59  Baneling x10  
  62  5:00  Zergling x4  
  62  5:04  Zergling x2  
  62  5:05  Zergling x4  
  66  5:11  Zergling x2  
  66  5:19  Zergling x6  
  63  5:24  Drone  
  63  5:27  Drone  
  59  5:30  Pathogen Glands  
  59  5:35  Drone x6  
  65  5:41  Zerg Melee Weapons Level 2  
  65  5:45  Overlord  
  65  5:47  Drone  
  61  6:05  Drone x2  
  61  6:06  Drone  
  61  6:07  Drone x2  
  61  6:09  Drone x3  
  61  6:10  Drone x2  
  66  6:25  Zergling x2  
  66  6:26  Spore Crawler, Zergling x10  
  66  6:28  Overlord, Burrow  
  66  6:29  Queen  
  72  6:40  Infestor  
  72  6:41  Infestor  
  72  6:42  Zergling x2  
  77  6:51  Infestor  
  79  6:57  Drone  
  79  6:58  Drone x7  
  87  7:05  Drone x2  
  87  7:08  Spore Crawler x2  
  87  7:12  Drone x5  
  87  7:15  Drone x2  
  94  7:16  Overlord  
  94  7:20  Overlord  
  94  7:21  Centrifical Hooks  
  94  7:25  Spore Crawler  
  94  7:26  Extractor x2  
  90  7:30  Infestor  
  90  7:31  Infestor  
  94  7:37  Overlord  
  94  7:46  Zergling x2  
  94  7:47  Neural Parasite  
  94  7:48  Drone x3  
  94  7:49  Drone x2  
  94  7:50  Drone, Overlord  
  101  8:01  Infestor  
  101  8:02  Infestor  
  101  8:03  Infestor x2  
  100  8:05  Zerg Ground Armor Level 1  
  100  8:16  Zergling x16  
  100  8:17  Overlord, Zergling x8  
  112  8:29  Overseer, Pneumatized Carapace  
  112  8:32  Hatchery  
  111  8:34  Hatchery  
  106  8:47  Infestor  
  106  8:48  Infestor x3  
  108  8:49  Infestor  
  108  8:54  Queen x2  
  110  8:55  Overlord x2  
  110  8:58  Infestor  
  110  8:59  Infestor, Zergling x6  
  110  9:00  Infestor  
  111  9:04  Overlord  
  102  9:12  Queen  
  102  9:13  Infestor x2  
  106  9:18  Drone x2  
  99  9:33  Drone x4  
  99  9:35  Drone, Zergling x10  
  99  9:36  Zergling x10  
  108  9:43  Infestor  
  108  9:44  Infestor x3  
  108  9:53  Zergling x6  
  110  10:00  Zergling x2  
Show
View Real Time Build Order
Export as new Build Order

llllllllllll Protoss - Winner!

Build Orders: 1 Gate Expand 

Get SALT Encoding   

  12  0:00  Probe (Chrono Boost)  
  13  0:11  Probe (Chrono Boost)  
  14  0:21  Pylon  
  14  0:23  Probe (Chrono Boost)  
  15  0:39  Probe (Chrono Boost)  
  16  0:43  Gateway  
  16  0:49  Probe (Chrono Boost)  
  17  0:53  Assimilator  
  17  1:00  Probe (Chrono Boost)  
  18  1:10  Probe (Chrono Boost)  
  19  1:21  Probe (Chrono Boost)  
  20  1:26  Nexus  
  20  1:36  Cybernetics Core  
  20  1:38  Probe (Chrono Boost)  
  21  1:44  Assimilator  
  21  1:49  Probe (Chrono Boost)  
  21  1:53  Pylon  
  22  1:59  Probe (Chrono Boost)  
  23  2:09  Adept  
  23  2:13  Warp Gate, Probe (Chrono Boost)  
  26  2:25  Probe (Chrono Boost)  
  26  2:26  Twilight Council  
  27  2:32  Adept  
  30  2:37  Probe (Chrono Boost)  
  30  2:38  Probe (Chrono Boost)  
  31  2:49  Probe x2 (Chrono Boost)  
  33  2:52  Resonating Glaives  
  33  2:58  Adept  
  33  3:01  Probe x2 (Chrono Boost)  
  38  3:13  Probe (Chrono Boost)  
  38  3:14  Probe (Chrono Boost)  
  38  3:16  Gateway  
  39  3:20  Gateway  
  39  3:26  Probe (Chrono Boost)  
  42  3:27  Mothership Core (Chrono Boost)  
  42  3:34  Pylon  
  42  3:38  Probe (Chrono Boost)  
  43  3:45  Probe (Chrono Boost)  
  43  3:48  Pylon  
  45  3:50  Probe (Chrono Boost)  
  44  3:55  Probe (Chrono Boost)  
  44  3:59  Robotics Facility  
  44  4:02  Probe (Chrono Boost)  
  45  4:06  Probe (Chrono Boost)  
  46  4:14  Probe (Chrono Boost)  
  46  4:16  Pylon, Probe (Chrono Boost)  
  48  4:19  Adept x2  
  48  4:20  Adept  
  53  4:26  Pylon  
  53  4:28  Probe (Chrono Boost)  
  53  4:30  Probe (Chrono Boost)  
  55  4:35  Nexus  
  55  4:41  Adept x3  
  55  4:42  Warp Prism  
  63  4:53  Assimilator  
  63  4:54  Assimilator  
  63  4:58  Pylon  
  65  5:00  Probe x2 (Chrono Boost)  
  65  5:03  Sentry x2  
  69  5:12  Probe (Chrono Boost)  
  70  5:20  Probe (Chrono Boost)  
  65  5:24  Probe (Chrono Boost)  
  60  5:31  Stargate  
  60  5:32  Probe (Chrono Boost)  
  60  5:33  Stargate  
  60  5:36  Adept, Probe (Chrono Boost)  
  60  5:37  Adept  
  60  5:38  Adept  
  67  5:44  Observer, Probe (Chrono Boost), Assimilator  
  67  5:48  Probe (Chrono Boost), Assimilator  
  67  5:49  Probe (Chrono Boost)  
  70  5:56  Probe (Chrono Boost)  
  66  6:00  Probe (Chrono Boost)  
  66  6:02  Adept x3, Probe (Chrono Boost)  
  73  6:08  Probe (Chrono Boost)  
  75  6:12  Probe (Chrono Boost)  
  75  6:13  Probe (Chrono Boost)  
  76  6:18  Phoenix x2  
  76  6:20  Probe (Chrono Boost)  
  76  6:23  Probe (Chrono Boost)  
  83  6:25  Probe (Chrono Boost)  
  83  6:28  Pylon  
  83  6:30  Pylon  
  84  6:32  Probe (Chrono Boost)  
  84  6:33  Probe (Chrono Boost)  
  84  6:38  Probe (Chrono Boost)  
  86  6:44  Probe (Chrono Boost)  
  86  6:45  Probe (Chrono Boost), Phoenix x2  
  86  6:47  Adept x3  
  90  6:50  Probe (Chrono Boost)  
  99  6:54  Pylon  
  99  6:55  Probe (Chrono Boost)  
  99  6:56  Pylon  
  99  6:57  Probe (Chrono Boost)  
  101  7:03  Probe (Chrono Boost)  
  101  7:06  Phoenix x2  
  102  7:09  Probe (Chrono Boost)  
  102  7:10  Probe (Chrono Boost)  
  102  7:12  Immortal  
  112  7:19  Pylon  
  112  7:20  Pylon  
  112  7:21  Pylon  
  112  7:29  Adept x3  
  118  7:34  Robotics Facility  
  118  7:35  Phoenix x2  
  118  7:40  Forge  
  122  7:54  Immortal  
  126  8:01  Phoenix x2  
  128  8:15  Nexus  
  128  8:19  Pylon x2  
  128  8:20  Immortal  
  128  8:21  Protoss Ground Weapons Level 1  
  132  8:30  Robotics Bay  
  132  8:35  Zealot x3  
  139  8:42  Probe (Chrono Boost)  
  139  8:52  Probe (Chrono Boost)  
  139  8:53  Immortal  
  139  8:54  Immortal  
  148  9:06  Zealot x2  
  152  9:11  Zealot  
  154  9:18  Gateway  
  154  9:20  Gateway  
  154  9:22  Gateway  
  154  9:23  Gateway  
  152  9:26  Colossus, Gateway  
  160  9:39  Zealot x3  
  164  9:52  Photon Cannon  
  164  9:53  Photon Cannon  
  164  9:54  Photon Cannon  
  164  9:56  Photon Cannon  
  162  10:07  Zealot  
  162  10:08  Zealot x2  
Tags
 
Add a new tag
Caveats
  • Supply blocks, unpowered buildings, or Contaminate may cause inaccurate times.
  • Supply counts are checked every 10 seconds.